 Dungeon Crawl Stone Soup version 0.23.0-3-gf3c87f2 (webtiles) character file.

Game seed: 1409941410001373055

79 Alinium the Chopper (level 4, -5/41 HPs)
             Began as a Gnoll Berserker on Feb 24, 2019.
             Was a Believer of Trog.
             Slain by an ogre
             ... wielding a +0 giant club
              (21 damage)
             ... on level 3 of the Dungeon.
             The game lasted 00:35:27 (1765 turns).

Alinium the Chopper (Gnoll Berserker)               Turns: 1765, Time: 00:35:33

Health: -5/41      AC: 10    Str: 21    XL:     4   Next: 37%
Magic:  5/5        EV: 10    Int:  9    God:    Trog [**....]
Gold:   131        SH:  3    Dex: 14    Spells: 5/5 levels left

rFire    . . .     SeeInvis .   a - +0 hand axe
rCold    + . .     Gourm    .   (no shield)
rNeg     . . .     Faith    .   q - +1 chain mail {rC+}
rPois    .         Spirit   .   (no helmet)
rElec    .         Reflect  +   (no cloak)
rCorr    .         Harm     .   (no gloves)
MR       .....                  (no boots)
Stlth    ..........             m - +3 amulet of reflection
HPRegen  0.13/turn              (no ring)
MPRegen  0.09/turn              (no ring)

@: berserk cooldown, slowed, very slow
A: distributed training, fangs 1, strong nose
a: Berserk, Trog's Hand, Renounce Religion


You were on level 3 of the Dungeon.
You worshipped Trog.
Trog was pleased with you.
You were near starving.

You visited 1 branch of the dungeon, and saw 3 of its levels.

You collected 131 gold pieces.

Inventory:

Hand Weapons
 a - a +0 hand axe (weapon)
Missiles
 l - 49 bolts
Armour
 q - a +1 chain mail of cold resistance (worn)
Jewellery
 m - a +3 amulet of reflection (around neck)
Scrolls
 b - a scroll of amnesia {unknown}
 f - a scroll of enchant armour {unknown}
 h - a scroll of identify
 n - 2 scrolls of enchant weapon {unknown}
 o - a scroll of magic mapping {unknown}
Potions
 e - 2 potions of berserk rage {unknown}
 g - 2 potions of curing {unknown}
 i - a potion of haste {unknown}
 j - a potion of ambrosia {unknown}
 k - a potion of agility {unknown}
Comestibles
 c - 5 rations


   Skills:
 + Level 6.6 Fighting
 + Level 1.1 Short Blades
 + Level 1.1 Long Blades
 + Level 6.6 Axes
 + Level 1.1 Maces & Flails
 + Level 1.1 Polearms
 + Level 1.1 Staves
 + Level 1.1 Slings
 + Level 1.1 Bows
 + Level 1.1 Crossbows
 + Level 1.1 Throwing
 + Level 4.6 Armour
 + Level 4.6 Dodging
 + Level 1.1 Stealth
 + Level 1.1 Shields
 + Level 1.1 Unarmed Combat
 + Level 1.1 Spellcasting
 + Level 0.8 Conjurations
 + Level 0.8 Hexes
 + Level 0.8 Charms
 + Level 0.8 Summonings
 + Level 0.8 Necromancy
 + Level 0.8 Translocations
 + Level 0.8 Transmutations
 + Level 0.8 Fire Magic
 + Level 0.8 Ice Magic
 + Level 0.8 Air Magic
 + Level 0.8 Earth Magic
 + Level 0.8 Poison Magic
 + Level 1.2 Invocations
 + Level 1.1 Evocations


You had 5 spell levels left.
You didn't know any spells.
Your spell library was empty.

Dungeon Overview and Level Annotations

Branches:
Dungeon (3/15)

Altars:
Nemelex Xobeh
Uskayaw

Annotations:
D:3 1 transporter, 11Jery11's ghost, amateur MiFi


Innate Abilities, Weirdness & Mutations

Your experience applies equally to all skills.
You have very sharp teeth.
Your uncanny sense of smell can sniff out nearby items.


Message History

You hit the ogre but do no damage.
You barely miss 11Jery11's ghost. 11Jery11's ghost hits you.
The ogre closely misses you. 11Jery11's ghost completely misses you.
You slash the ogre!
The ogre is moderately wounded.
The ogre closely misses you. The ogre barely misses you.
You hit the ogre.
The ogre is moderately wounded. 11Jery11's ghost barely misses you.
The ogre misses you.
Your chain mail prevents you from hitting the ogre.
The ogre is moderately wounded.
You hit 11Jery11's ghost. 11Jery11's ghost hits you.
The ogre hits you with a +0 giant club!
You hit the ogre.
The ogre is heavily wounded.
You hit 11Jery11's ghost but do no damage. 11Jery11's ghost barely misses you.
The ogre hits you with a +0 giant club!!
Ouch! That really hurt!
You die...

..##### #..#.# #.# #....# #.#
#.#..## #.## #.#...# #..##
#.##..## ##..##
#.##...########### .....####
#.###........#....
###...(.##################.......
.............#..@OO©.....#.......
.####.#....###.W##...##..#.......
.........#..##.#..#.#..#.#.......
#........##).#.#..#.#..#.#.......
...).....###.#..##...##..#.......
##.......###.#©....($....#.......
##...........#############..#....
#..........##)....©.©.....#######
#.#.#####.####.###...######


You could see 2 ogres and 11Jery11's ghost.

Vanquished Creatures
  An adder (D:2)
  An ooze (D:2)
  2 worms
  A dart slug (D:1)
  3 leopard geckos
  5 orcs (D:3)
  2 bats (D:1)
  4 giant cockroaches
  3 goblins (D:1)
  7 hobgoblins
  3 jackals (D:2)
  A quokka (D:2)
  A ball python (D:2)
  A frilled lizard (D:1)
  3 kobolds
  9 rats
47 creatures vanquished.

Notes
Turn   | Place    | Note
-------+----------+-------------------------------------------
     0 | D:1      | Alinium the Gnoll Berserker began the quest for the Orb.
     0 | D:1      | Reached XP level 1. HP: 23/23 MP: 1/1
   166 | D:1      | Reached XP level 2. HP: 29/29 MP: 2/2
   784 | D:1      | Found a sparkling altar of Nemelex Xobeh.
   935 | D:2      | Reached XP level 3. HP: 35/35 MP: 3/3
   992 | D:2      | Reached skill level 1 in Invocations
  1004 | D:2      | Reached ** piety under Trog
  1065 | D:2      | Noticed a +0 dagger
  1065 | D:2      | Noticed a +0 dagger
  1072 | D:2      | Found a hide-covered altar of Uskayaw.
  1311 | D:2      | Reached skill level 1 in Short Blades
  1311 | D:2      | Reached skill level 1 in Long Blades
  1311 | D:2      | Reached skill level 1 in Maces & Flails
  1311 | D:2      | Reached skill level 1 in Polearms
  1311 | D:2      | Reached skill level 1 in Staves
  1311 | D:2      | Reached skill level 1 in Slings
  1311 | D:2      | Reached skill level 1 in Bows
  1311 | D:2      | Reached skill level 1 in Crossbows
  1311 | D:2      | Reached skill level 1 in Throwing
  1311 | D:2      | Reached skill level 1 in Stealth
  1311 | D:2      | Reached skill level 1 in Shields
  1311 | D:2      | Reached skill level 1 in Unarmed Combat
  1311 | D:2      | Reached skill level 1 in Spellcasting
  1311 | D:2      | Reached skill level 1 in Evocations
  1346 | D:2      | Reached XP level 4. HP: 41/41 MP: 5/5
  1451 | D:3      | Found a transporter.
  1473 | D:3      | Noticed 11Jery11's ghost (amateur MiFi)
  1474 | D:3      | Found a transporter.
  1474 | D:3      | Noticed an ogre
  1477 | D:3      | Identified the +4 dire flail of Zuwk {protect, Str+2 Int+2}
  1477 | D:3      | Noticed an ogre
  1765 | D:3      | Slain by an ogre

Skill      XL: |  1  2  3 |
---------------+----------+-----
Invocations    | 1 |  1.2
Short Blades   | 1 |  1.1
Long Blades    | 1 |  1.1
Maces & Flails | 1 |  1.1
Polearms       | 1 |  1.1
Staves         | 1 |  1.1
Slings         | 1 |  1.1
Bows           | 1 |  1.1
Crossbows      | 1 |  1.1
Throwing       | 1 |  1.1
Stealth        | 1 |  1.1
Shields        | 1 |  1.1
Unarmed Combat | 1 |  1.1
Spellcasting   | 1 |  1.1
Evocations     | 1 |  1.1
Fighting       | |  6.6
Axes           | |  6.6
Armour         | |  4.6
Dodging        | |  4.6
Conjurations   | |  0.8
Hexes          | |  0.8
Charms         | |  0.8
Summonings     | |  0.8
Necromancy     | |  0.8
Translocations | |  0.8
Transmutations | |  0.8
Fire Magic     | |  0.8
Ice Magic      | |  0.8
Air Magic      | |  0.8
Earth Magic    | |  0.8
Poison Magic   | |  0.8

Action                   |  1- 3 |  4- 6 || total
-------------------------+-------+-------++-------
Melee: Hand axe          |    98 |    41 ||   139
       Bite              |    14 |     3 ||    17
       Punch             |     1 |       ||     1
Invok: Berserk           |     1 |     2 ||     3
  Use: Scroll            |     5 |       ||     5
 Stab: Sleeping          |     2 |       ||     2
  Eat: Chunk             |     2 |     2 ||     4
Armor: Animal skin       |     4 |     2 ||     6
       Chain mail        |       |     6 ||     6
Dodge: Dodged            |    52 |    22 ||    74
Block: Other             |     4 |     4 ||     8
